NCAA
TEXAS A&M AGGIES @ VILLANOVA WILDCATS
05/08/2025
 
TOP OF THE 1ST
Texas A&M Aggies batting - Pitching for Villanova Wildcats : RHP Bob Hardy
Pitching: RHP Bob Hardy
Batting: LHB Kevin Holley 0-0: Called Strike
0-1: Ball
1-1: Foul Ball, location: 2F
1-2: Fly out, F9 (Flyball, 9M)
Batting: LHB Walt Brown 0-0: Called Strike
0-1: Ball
1-1: Swinging Strike
1-2: Foul Ball, location: 2F
1-2: Strikes out swinging
Batting: LHB Dave Bryant 0-0: Ball
1-0: SINGLE (Groundball, 13) (infield hit)
Batting: LHB Andy Pollock 0-0: Called Strike
0-1: Ball
1-1: Ball
2-1: Called Strike
2-2: Strikes out swinging
Top of the 1st over - 0 run(s), 1 hit(s), 0 error(s), 1 left on base; Texas A&M 0 - Villanova 0
BOTTOM OF THE 1ST
Villanova Wildcats batting - Pitching for Texas A&M Aggies : LHP Scott Davis
Pitching: LHP Scott Davis
Batting: RHB Jason Powers 0-0: Called Strike
0-1: Swinging Strike
0-2: Foul Ball, location: 2F
0-2: Ball
1-2: Ball
2-2: Ground out 6-3 (Groundball, 6M)
Batting: RHB Robbie Anderson 0-0: Ball
1-0: Ball
2-0: Ball
3-0: Called Strike
3-1: Base on Balls
Batting: LHB Steven Smith 0-0: Swinging Strike
0-1: Ball
1-1: Foul Ball, location: 2F
1-2: Foul Ball, location: 2F
1-2: Ball
2-2: Foul Ball, location: 2F
2-2: Strikes out swinging
Batting: RHB Jorge Barrios 0-0: Foul Ball, location: 2F
0-1: Foul Ball, location: 2F
0-2: Ground out 6-3 (Groundball, 6)
Bottom of the 1st over - 0 run(s), 0 hit(s), 0 error(s), 1 left on base; Texas A&M 0 - Villanova 0
TOP OF THE 2ND
Texas A&M Aggies batting - Pitching for Villanova Wildcats : RHP Bob Hardy
Batting: RHB Lawrence Davidson 0-0: Ball
1-0: Ball
2-0: Ball
3-0: Called Strike
3-1: Ground out 6-3 (Groundball, 6)
Batting: SHB Cristián López 0-0: Ball
1-0: Fly out, F9 (Flyball, 9M)
Batting: RHB Arthur Kemp 0-0: Ball
1-0: Ball
2-0: Called Strike
2-1: Swinging Strike
2-2: Strikes out swinging
Top of the 2nd over - 0 run(s), 0 hit(s), 0 error(s), 0 left on base; Texas A&M 0 - Villanova 0
BOTTOM OF THE 2ND
Villanova Wildcats batting - Pitching for Texas A&M Aggies : LHP Scott Davis
Batting: RHB Ron Elazar 0-0: Ball
1-0: Ground out 6-3 (Groundball, 6)
Batting: RHB Dan McKay 0-0: Called Strike
0-1: Ground out 6-3 (Groundball, 6)
Batting: SHB Lorenzo Gómez 0-0: Foul Ball, location: 2F
0-1: Ball
1-1: Foul Ball, location: 2F
1-2: Ball
2-2: Fly out, F8 (Flyball, 8RM)
Bottom of the 2nd over - 0 run(s), 0 hit(s), 0 error(s), 0 left on base; Texas A&M 0 - Villanova 0
TOP OF THE 3RD
Texas A&M Aggies batting - Pitching for Villanova Wildcats : RHP Bob Hardy
Batting: RHB Irwin Robinson 0-0: Ball
1-0: Fly out, F3 (Popup, 3SF)
Batting: RHB José Batista 0-0: Swinging Strike
0-1: Fly out, F8 (Flyball, 8RM)
Batting: LHB Kevin Holley 0-0: Ball
1-0: Ball
2-0: Called Strike
2-1: Foul Ball, location: 2F
2-2: Ball
3-2: Base on Balls
Batting: LHB Walt Brown 0-0: Foul Ball, location: 2F
0-1: Called Strike
0-2: Foul Ball, location: 2F
0-2: Ball
Kevin Holley steals 2nd base
1-2: Foul Ball, location: 2F
1-2: Foul Ball, location: 2F
1-2: Strikes out swinging
Top of the 3rd over - 0 run(s), 0 hit(s), 0 error(s), 1 left on base; Texas A&M 0 - Villanova 0
BOTTOM OF THE 3RD
Villanova Wildcats batting - Pitching for Texas A&M Aggies : LHP Scott Davis
Batting: RHB Ricardo López 0-0: Ball
1-0: Foul Ball, location: 2F
1-1: Ball
2-1: Foul Ball, location: 2F
2-2: Ball
3-2: Strikes out swinging
Batting: RHB Juan Romero 0-0: Called Strike
0-1: Ball
1-1: Ball
2-1: Foul Ball, location: 2F
2-2: Fly out, F9 (Flyball, 9M)
Batting: RHB Jason Powers 0-0: Swinging Strike
0-1: Called Strike
0-2: Ball
1-2: Ball
2-2: SINGLE (Groundball, 56)
Batting: RHB Robbie Anderson 0-0: Ground out 6-3 (Groundball, 6)
Bottom of the 3rd over - 0 run(s), 1 hit(s), 0 error(s), 1 left on base; Texas A&M 0 - Villanova 0
TOP OF THE 4TH
Texas A&M Aggies batting - Pitching for Villanova Wildcats : RHP Bob Hardy
Batting: LHB Dave Bryant 0-0: Ball
1-0: Ball
2-0: Foul Ball, location: 2F
2-1: Ball
3-1: Swinging Strike
3-2: Base on Balls
Batting: LHB Andy Pollock 0-0: Ball
1-0: Ball
2-0: Foul Ball, location: 2F
2-1: Ball
3-1: Grounds into double play, 4-6-3 (Groundball, 4)
Batting: RHB Lawrence Davidson 0-0: Ground out 3-1 (Groundball, 3)
Top of the 4th over - 0 run(s), 0 hit(s), 0 error(s), 0 left on base; Texas A&M 0 - Villanova 0
BOTTOM OF THE 4TH
Villanova Wildcats batting - Pitching for Texas A&M Aggies : LHP Scott Davis
Batting: LHB Steven Smith 0-0: Ball
1-0: Ball
2-0: SINGLE (Line Drive, 8LS)
Batting: RHB Jorge Barrios 0-0: Ball
1-0: Called Strike
1-1: Fly out, F9 (Flyball, 9M)
Batting: RHB Ron Elazar 0-0: Called Strike
0-1: Called Strike
0-2: Ball
1-2: Ball
2-2: Foul Ball, location: 2F
2-2: Strikes out swinging
Batting: RHB Dan McKay 0-0: Called Strike
0-1: Ball
1-1: Ball
2-1: Swinging Strike
2-2: Fielders Choice at 2nd, U4 (Groundball, 4M)
Bottom of the 4th over - 0 run(s), 1 hit(s), 0 error(s), 1 left on base; Texas A&M 0 - Villanova 0
TOP OF THE 5TH
Texas A&M Aggies batting - Pitching for Villanova Wildcats : RHP Bob Hardy
Batting: SHB Cristián López 0-0: Ball
1-0: Ball
2-0: DOUBLE (Line Drive, 7LS)
Batting: RHB Arthur Kemp 0-0: Foul Ball, location: 2F
0-1: Fly out, F8 (Flyball, 8RM)
Batting: RHB Irwin Robinson 0-0: Foul Ball, location: 2F
0-1: Swinging Strike
0-2: Strikes out looking
Batting: RHB José Batista 0-0: Ground out 4-3 (Groundball, 13)
Top of the 5th over - 0 run(s), 1 hit(s), 0 error(s), 1 left on base; Texas A&M 0 - Villanova 0
BOTTOM OF THE 5TH
Villanova Wildcats batting - Pitching for Texas A&M Aggies : LHP Scott Davis
Batting: SHB Lorenzo Gómez 0-0: Called Strike
0-1: Called Strike
0-2: Foul Ball, location: 2F
0-2: Strikes out swinging
Batting: RHB Ricardo López 0-0: Ball
1-0: Ball
2-0: Fly out, F9 (Line Drive, 9S)
Batting: RHB Juan Romero 0-0: Ball
1-0: Ball
2-0: Ball
3-0: Base on Balls
Batting: RHB Jason Powers 0-0: Ball
1-0: Ball
2-0: Called Strike
2-1: Foul Ball, location: 2F
2-2: Ball
3-2: Hit by Pitch
Juan Romero to second
Pitching: LHP Juan Martínez
Batting: RHB Robbie Anderson 0-0: Called Strike
0-1: Ball
1-1: Foul Ball, location: 2F
1-2: Strikes out swinging
Bottom of the 5th over - 0 run(s), 0 hit(s), 0 error(s), 2 left on base; Texas A&M 0 - Villanova 0
TOP OF THE 6TH
Texas A&M Aggies batting - Pitching for Villanova Wildcats : RHP Bob Hardy
Batting: LHB Kevin Holley 0-0: DOUBLE (Flyball, 8RM)
Batting: LHB Walt Brown 0-0: Fly out, F5 (Popup, 5SF)
Batting: LHB Dave Bryant 0-0: Intentional Walk
Batting: LHB Andy Pollock 0-0: Ball
1-0: Swinging Strike
1-1: Reached on error, E3 (Groundball, 3L)
Kevin Holley to third
Dave Bryant to second
Batting: RHB Lawrence Davidson 0-0: Swinging Strike
0-1: Ball
1-1: Foul Ball, location: 2F
1-2: Fly out, F8 (Flyball, 8LD)
Runner from 3rd tags up, SCORES, no throw
Dave Bryant to third
Batting: SHB Cristián López 0-0: Ball
1-0: Ball
2-0: Called Strike
2-1: Ball
3-1: SINGLE (Line Drive, 56)
Dave Bryant scores
Andy Pollock to second
Pitching: RHP Marvin Jackson
Batting: RHB Arthur Kemp 0-0: Called Strike
0-1: Ball
1-1: Foul Ball, location: 2F
1-2: Ball
2-2: Strikes out swinging
Top of the 6th over - 2 run(s), 2 hit(s), 1 error(s), 2 left on base; Texas A&M 2 - Villanova 0
BOTTOM OF THE 6TH
Villanova Wildcats batting - Pitching for Texas A&M Aggies : LHP Juan Martínez
Batting: LHB Steven Smith 0-0: Ball
1-0: Foul Ball, location: 2F
1-1: Ball
2-1: Swinging Strike
2-2: Ball
3-2: Ground out 4-3 (Groundball, 4M)
Batting: RHB Jorge Barrios 0-0: Ball
1-0: Swinging Strike
1-1: Foul Ball, location: 2F
1-2: Foul Ball, location: 2F
1-2: Foul Ball, location: 2F
1-2: Foul Ball, location: 2F
1-2: Strikes out swinging
Batting: RHB Ron Elazar 0-0: Called Strike
0-1: Ball
1-1: Swinging Strike
1-2: SINGLE (Line Drive, 6MD)
Batting: RHB Dan McKay 0-0: Called Strike
0-1: Ball
1-1: Ball
2-1: Called Strike
2-2: Ball
3-2: Fly out, F7 (Flyball, 7D)
Bottom of the 6th over - 0 run(s), 1 hit(s), 0 error(s), 1 left on base; Texas A&M 2 - Villanova 0
TOP OF THE 7TH
Texas A&M Aggies batting - Pitching for Villanova Wildcats : RHP Marvin Jackson
Batting: RHB Irwin Robinson 0-0: Foul Ball, location: 2F
0-1: Foul Ball, location: 2F
0-2: Ball
1-2: Foul Ball, location: 2F
1-2: Ball
2-2: SINGLE (Line Drive, 34)
Batting: RHB José Batista 0-0: Foul Ball, location: 2F
0-1: Ball
1-1: Ball
Throwing error on steal attempt, E2
Irwin Robinson to third
2-1: Foul Ball, location: 2F
2-2: Foul Ball, location: 2F
2-2: Strikes out swinging
Batting: LHB Kevin Holley 0-0: Intentional Walk
Batting: LHB Walt Brown 0-0: Ball
1-0: Foul Ball, location: 2F
1-1: Called Strike
1-2: Strikes out swinging
Batting: LHB Dave Bryant Reached via error on a dropped throw, E1
Irwin Robinson scores
Kevin Holley to second
Batting: LHB Andy Pollock 0-0: Ball
1-0: Foul Ball, location: 2F
1-1: Fielders Choice at 2nd, 6-4 (Groundball, 6)
Top of the 7th over - 1 run(s), 1 hit(s), 2 error(s), 1 left on base; Texas A&M 3 - Villanova 0
BOTTOM OF THE 7TH
Villanova Wildcats batting - Pitching for Texas A&M Aggies : LHP Juan Martínez
Batting: SHB Lorenzo Gómez 0-0: Ball
1-0: Ground out 6-3 (Groundball, 56)
Batting: RHB Ricardo López 0-0: SOLO HOME RUN (Flyball, 78XD), Distance : 386 ft
Batting: RHB Juan Romero 0-0: Foul Ball, location: 2F
0-1: Called Strike
0-2: Strikes out swinging
Pitching: RHP Ed Fletcher
Batting: RHB Jason Powers 0-0: Ball
1-0: Ball
2-0: Ball
3-0: Base on Balls
Batting: RHB Robbie Anderson 0-0: Ball
1-0: Ball
2-0: Called Strike
2-1: Ball
3-1: Fly out, F8 (Flyball, 8LM)
Bottom of the 7th over - 1 run(s), 1 hit(s), 0 error(s), 1 left on base; Texas A&M 3 - Villanova 1
TOP OF THE 8TH
Texas A&M Aggies batting - Pitching for Villanova Wildcats : RHP Marvin Jackson
Batting: RHB Lawrence Davidson 0-0: Foul Ball, location: 2F
0-1: Swinging Strike
0-2: Foul Ball, location: 2F
0-2: Strikes out looking
Batting: SHB Cristián López 0-0: Fly out, F9 (Flyball, 89D)
Batting: RHB Arthur Kemp 0-0: Called Strike
0-1: Ball
1-1: Ball
2-1: Ball
3-1: Foul Ball, location: 2F
3-2: Foul Ball, location: 2F
3-2: Base on Balls
Batting: RHB Irwin Robinson 0-0: Ball
1-0: Foul Ball, location: 2F
1-1: Swinging Strike
1-2: Ball
2-2: 2-RUN HOME RUN (Flyball, 7D), Distance : 361 ft
Pitching: LHP Ryan Trejo
Batting: RHB José Batista 0-0: Called Strike
0-1: Fly out, F4 (Line Drive, 4M)
Top of the 8th over - 2 run(s), 1 hit(s), 0 error(s), 0 left on base; Texas A&M 5 - Villanova 1
BOTTOM OF THE 8TH
Villanova Wildcats batting - Pitching for Texas A&M Aggies : RHP Ed Fletcher
Batting: LHB Steven Smith 0-0: Called Strike
0-1: SINGLE (Line Drive, 89S)
Batting: RHB Jorge Barrios 0-0: Ball
1-0: Called Strike
1-1: Ball
2-1: Swinging Strike
2-2: Ball
3-2: Foul Ball, location: 2F
3-2: Grounds into double play, 4-6-3 (Groundball, 34)
Batting: RHB Ron Elazar 0-0: Called Strike
0-1: Swinging Strike
0-2: Ball
1-2: Ball
2-2: Ball
3-2: Strikes out swinging
Bottom of the 8th over - 0 run(s), 1 hit(s), 0 error(s), 0 left on base; Texas A&M 5 - Villanova 1
TOP OF THE 9TH
Texas A&M Aggies batting - Pitching for Villanova Wildcats : LHP Ryan Trejo
Batting: LHB Kevin Holley 0-0: Ball
1-0: Foul Ball, location: 2F
1-1: Ball
2-1: SINGLE (Groundball, 5D)
Batting: LHB Walt Brown 0-0: Called Strike
0-1: Sac Bunt - play at first, batter OUT! 2-3
Kevin Holley to second
Batting: LHB Dave Bryant 0-0: Intentional Walk
Batting: LHB Andy Pollock 0-0: Foul Ball, location: 2F
0-1: Called Strike
0-2: Reached on error, E4 (Groundball, 4M)
Kevin Holley to third
Dave Bryant to second
Batting: RHB Lawrence Davidson 0-0: Foul Ball, location: 2F
0-1: Foul Ball, location: 2F
0-2: Ball
1-2: Strikes out looking
Batting: SHB Cristián López 0-0: Reached on error, E5 (Groundball, 56)
Kevin Holley scores
Dave Bryant to third
Andy Pollock to second
Batting: RHB Arthur Kemp 0-0: Called Strike
0-1: Ball
1-1: Ball
2-1: Called Strike
2-2: Strikes out looking
Top of the 9th over - 1 run(s), 1 hit(s), 2 error(s), 3 left on base; Texas A&M 6 - Villanova 1
BOTTOM OF THE 9TH
Villanova Wildcats batting - Pitching for Texas A&M Aggies : RHP Ed Fletcher
Batting: RHB Dan McKay 0-0: Foul Ball, location: 2F
0-1: Ball
1-1: Foul Ball, location: 2F
1-2: Ball
2-2: Ball
3-2: Base on Balls
Batting: SHB Lorenzo Gómez 0-0: Ball
1-0: Ball
2-0: Foul Ball, location: 2F
2-1: Foul Ball, location: 2F
2-2: Strikes out swinging
Batting: RHB Ricardo López 0-0: Ball
1-0: Ball
2-0: Called Strike
2-1: SINGLE (Line Drive, 8LS)
Dan McKay to second
Batting: RHB Juan Romero 0-0: Foul Ball, location: 2F
0-1: Ball
Wild Pitch!
Dan McKay to third
Ricardo López to second
1-1: Ball
2-1: Called Strike
2-2: Ball
3-2: Strikes out swinging
Batting: RHB Jason Powers 0-0: Ball
1-0: Ball
2-0: Called Strike
2-1: Ball
3-1: Base on Balls
Pitching: RHP Corey Miller
Batting: RHB Robbie Anderson 0-0: Called Strike
0-1: SINGLE (Line Drive, 7S)
Dan McKay scores
Ricardo López to third
Jason Powers to second
Runner from 3rd tries for Home, throw and OUT!
Bottom of the 9th over - 1 run(s), 2 hit(s), 0 error(s), 2 left on base; Texas A&M 6 - Villanova 2
This league is powered by Out of the Park Baseball, the baseball management simulation game for PC, Mac and Linux
Tuesday, August 2nd, 2016 - OOTP Baseball 16.8 Build 38